 Dungeon Crawl Stone Soup version 0.28-a0-1142-gc8569940dd (webtiles) character file.

Game seed: 1613624480841190137

305 ChaosChampion the Skirmisher (level 6, -2/51 HPs)
             Began as a Demonspawn Monk on Dec 13, 2021.
             Slain by a phantom (7 damage)
             ... on level 3 of the Dungeon.
             The game lasted 00:04:12 (3174 turns).

ChaosChampion the Skirmisher (Demonspawn Monk)      Turns: 3174, Time: 00:04:13

Health: -2/51      AC:  5    Str: 19    XL:     6   Next: 16%
Magic:  6/6        EV: 13    Int: 11    God:
Gold:   107        SH:  0    Dex: 16    Spells: 5/5 levels left

rFire   . . .      SeeInvis .   p - +1 short sword (elec)
rCold   . . .      Faith    +   (no shield)
rNeg    . . .      Spirit   .   b - +0 robe
rPois   .          Reflect  .   (no helmet)
rElec   .          Harm     .   (no cloak)
rCorr   .          Rampage  .   q - +0 pair of gloves
Will    .....                   (no boots)
Stlth   ++........              h - amulet of faith
HPRegen 0.17/turn               g - +6 ring of strength
MPRegen 0.10/turn               (no ring)

@: no status effects
A: thin metallic scales 1, weakness stinger 2
a: no special abilities


You were on level 3 of the Dungeon.
You visited 1 branch of the dungeon, and saw 4 of its levels.

You collected 107 gold pieces.

Inventory:

Hand Weapons
 a - a +0 falchion
 p - a +1 short sword of electrocution (weapon)
Missiles
 m - 4 atropa-tipped darts (quivered)
Armour
 b - a +0 robe (worn)
 q - a +0 pair of gloves (worn)
Jewellery
 g - a +6 ring of strength (left hand)
 h - an amulet of faith (around neck)
Scrolls
 c - 3 scrolls of summoning {unknown}
 d - 4 scrolls of identify {unknown}
 i - a scroll of holy word {unknown}
 j - a scroll of noise {unknown}
 k - a scroll of acquirement {unknown}
 l - a scroll of fog {unknown}
 r - a scroll of vulnerability {unknown}
Potions
 e - a potion of flight {unknown}
 f - a potion of might {unknown}
 n - a potion of ambrosia {unknown}
 o - 2 potions of degeneration {unknown}


   Skills:
 + Level 5.0 Fighting
 + Level 2.6(3.7) Short Blades
 - Level 4.0(4.4) Long Blades
 - Level 2.8 Dodging
 - Level 2.0 Stealth


You had 5 spell levels left.
You didn't know any spells.
Your spell library contained the following spells:

 Spells                   Type           Power      Damage    Failure   Level
 Sting                    Tmut/Pois      0%         1d3       34%         1
 Summon Small Mammal      Summ           0%         N/A       34%         1
 Poisonous Vapours        Pois/Air       0%         N/A       47%         2
 Call Canine Familiar     Summ           0%         N/A       71%         3
 Summon Guardian Golem    Hex/Summ       0%         N/A       71%         3
 Olgreb's Toxic Radiance  Pois           0%         N/A       98%         4


Dungeon Overview and Level Annotations

Branches:
Dungeon (4/15)
 Temple: D:4-7

Altars:
Ashenzari


Innate Abilities, Weirdness & Mutations

You are partially covered in thin metallic scales. (AC +2)
You have a tail ending in a sharp stinger.


Message History

You are too injured to fight recklessly!
You are too injured to fight recklessly!
You hit the wight but do no damage.
You tail-slap the wight, but do no damage.
The wight is severely damaged.
The wight hits you with a +4 mace!
* * * LOW HITPOINT WARNING * * *
You hit the wight.
You destroy the wight!
Your Fighting skill increases to level 5!
You have reached level 6!
Things that are here:
a +0 battleaxe; a +0 robe A phantom comes into view.
The phantom barely misses you. The phantom barely misses you.
There is a stone staircase leading up here.
The phantom hits you.
* * * LOW HITPOINT WARNING * * *
You climb upwards.
There is a stone staircase leading down here.
You hit the phantom.
The phantom is lightly damaged.
The phantom barely misses you.
You barely miss the phantom. You tail-slap the phantom.
The phantom is moderately damaged.
The phantom hits you but does no damage.
You hit the phantom.
The phantom is moderately damaged.
The phantom misses you.
You completely miss the phantom.
The phantom is moderately damaged.
The phantom hits you!
* * * LOW HITPOINT WARNING * * *
The phantom blinks!
You blink.
You completely miss the phantom.
You tail-slap the phantom, but do no damage.
The phantom is moderately damaged.
The phantom hits you!
You die...

####.#..................#.#.# #.#
#.#).###.#######.#.#.#.#.###.#
#.#..# #.# #.....#.......#
#.#..###.# #..#......###.#
#.#..[...# ##....#######.#
#....############............#
####.<)...............#.......#.#
..........###########.#.####.#..#
####.#..#.......@W§§..#.....###.#
#.##...##################.#.##
#.....## ##.## ####### #.# #.#
#.# #.# #.### #....


You could see a phantom.

Vanquished Creatures
  A phantom (D:3)
  3 wights (D:4)
  5 adders
  2 worms
  2 dart slugs
  3 orcs (D:3)
  4 ball pythons
  8 endoplasms
  2 giant cockroaches
  7 goblins
  3 hobgoblins
  4 kobolds
  A quokka (D:3)
  6 bats
  4 frilled lizards
  7 rats (D:1)
62 creatures vanquished.

Notes
Turn   | Place    | Note
-------+----------+-------------------------------------------
     0 | D:1      | ChaosChampion the Demonspawn Monk began the quest for the
                  | Orb.
     0 | D:1      | Reached XP level 1. HP: 18/18 MP: 1/1
   593 | D:1      | Gained mutation: You have a small tail. [demonic ancestry]
   593 | D:1      | Reached XP level 2. HP: 21/24 MP: 2/2
  1224 | D:2      | Gained mutation: You have a tail ending in a sharp stinger.
                  | [demonic ancestry]
  1224 | D:2      | Reached XP level 3. HP: 29/29 MP: 3/3
  1450 | D:2      | Found a faded altar of an unknown god.
  1964 | D:3      | Reached XP level 4. HP: 37/37 MP: 4/4
  2036 | D:3      | Noticed a phantom
  2184 | D:3      | Reached skill level 4 in Fighting
  2441 | D:3      | Found a broken altar of Ashenzari.
  2676 | D:3      | Killed a phantom
  2677 | D:3      | Reached skill level 1 in Short Blades
  2677 | D:3      | Gained mutation: You are partially covered in thin metallic
                  | scales. (AC +2) [demonic ancestry]
  2677 | D:3      | Reached XP level 5. HP: 23/43 MP: 5/5
  3144 | D:4      | Reached skill level 5 in Fighting
  3144 | D:4      | Reached XP level 6. HP: 13/51 MP: 6/6
  3174 | D:3      | Slain by a phantom

Illustrated notes

Levels and vault maps discovered:
D:1:      tarquinn_simple_flora_water_c, layout_basic, minmay_tromino_v7
D:2:      layout_basic, hellmonk_ecumenical_altar_leap_of_faith,
          grunt_decor_resistance
D:3:      layout_loops_ring, evilmike_ruin_ashenzari
D:4:      layout_rooms

Skill      XL: |  1  2  3  4  5 |
---------------+----------------+-----
Stealth        | 2 |  2.0
Long Blades    | 3 4 |  4.0
Fighting       | 4 5 |  5.0
Short Blades   | 1 2 |  2.6
Dodging        | |  2.8

Action                   |  1- 3 |  4- 6 || total
-------------------------+-------+-------++-------
Melee: Falchion          |    99 |       ||    99
       Tailslap          |    10 |     6 ||    16
       Short sword       |     3 |    68 ||    71
 Stab: Sleeping          |     9 |     5 ||    14
Armor: Robe              |    11 |     7 ||    18
Dodge: Dodged            |    82 |    33 ||   115

Table legend: (Time is in decaauts)
 A = Elapsed time spent in this place.
 B = Non-inter-level travel time spent in this place.
 C = Inter-level travel time spent in this place.
 D = Time resting spent in this place.
 E = Time spent auto-exploring this place.
 F = Levels seen in this place.
 G = Mean time per level.
                   A        B        C        D        E       F      G
               +--------+--------+--------+--------+--------+-----+--------+
         Total |   3186 |   3137 |     49 |      0 |   2559 |   4 |  796.5 |
       Dungeon |   3186 |   3137 |     49 |      0 |   2559 |   4 |  796.5 |
               +--------+--------+--------+--------+--------+-----+--------+

Top non-repeatable levels by time:
     D:1: 1226 daAuts
     D:3: 1136 daAuts
     D:2: 722 daAuts
     D:4: 100 daAuts
